 Dungeon Crawl Stone Soup version 0.30.0-18-gc0e69614cb (webtiles) character file.

Game seed: 3074510148513297525

77 Irreverend the Stinger (level 4, -4/24 HPs)
             Began as a Deep Elf Venom Mage on May 26, 2023.
             Killed by nerve-wracking pain
             ... invoked by Grinder
              (10 damage)
             ... on level 3 of the Dungeon.
             The game lasted 00:05:36 (2422 turns).

Irreverend the Stinger (Deep Elf Venom Mage)        Turns: 2422, Time: 00:05:37

Health: -4/24      AC:  2    Str:  5    XL:     4   Next: 13%
Magic:  6/11       EV: 13    Int: 22    God:
Gold:   102        SH:  0    Dex: 15    Spells: 4/10 levels left

rFire   . . .        q - +0 dagger (venom)
rCold   . . .        (no shield)
rNeg    . . .        a - +0 robe
rPois   .            (no helmet)
rElec   .            (no cloak)
rCorr   .            (no gloves)
SInv    .            (no boots)
Will    .....        (no amulet)
Stlth   ++           (no ring)
HPRegen 0.24/turn    (no ring)
MPRegen 0.12/turn

%: no passive effects
@: no status effects
A: no striking features
a: no special abilities


You were on level 3 of the Dungeon.
You visited 1 branch of the dungeon, and saw 3 of its levels.

You collected 102 gold pieces.

Inventory:

Hand Weapons
 q - a +0 dagger of venom (weapon)
Armour
 a - a +0 robe (worn)
Jewellery
 c - a ring of magical power
 m - a ring of protection from cold
 o - a +6 ring of strength
Scrolls
 e - 3 scrolls of noise {unknown}
 h - 3 scrolls of identify {unknown}
 j - a scroll of magic mapping {unknown}
 k - a scroll of enchant armour {unknown}
 l - a scroll of teleportation {unknown}
 n - a scroll of immolation
 p - a scroll of summoning {unknown}
Potions
 b - a potion of magic
 d - a potion of curing {unknown}
 f - 2 potions of heal wounds {unknown}
 g - a potion of lignification {unknown}
 i - 2 potions of invisibility {unknown}
 r - a potion of flight {unknown}


   Skills:
 + Level 3.3 Dodging
 - Level 2.4 Stealth
 + Level 3.9 Spellcasting
 - Level 1.1 Transmutations
 + Level 0.2 Air Magic
 * Level 4.5 Poison Magic


You had 4 spell levels left.
You knew the following spells:

 Your Spells              Type           Power      Damage    Failure   Level
a - Sting                 Tmut/Pois      64%        1d6       3%          1
b - Poisonous Vapours     Pois/Air       28%        N/A       6%          2
c - Mephitic Cloud        Conj/Pois/Air  11%        N/A       17%         3

Your spell library contained the following spells:

 Spells                   Type           Power      Damage    Failure   Level
 Olgreb's Toxic Radiance  Pois           24%        N/A       17%         4


Dungeon Overview and Level Annotations

Branches:
Dungeon (3/15)

Altars:

Shops:
D:1 ?   D:3 [

Annotations:
D:3 Grinder


Message History

You writhe in agony.
You can move again.
Casting: Sting (safe; 3% risk of failure)
Confirm with . or Enter, or press ? or * to list all spells.
You can't see any susceptible monsters within range! (Use Z to cast anyway.)
Casting: Sting (safe; 3% risk of failure)
Confirm with . or Enter, or press ? or * to list all spells.
Aiming: Sting (safe; 3% risk of failure)
Press: ? - help, Shift-Dir - straight line, f/p - Grinder
Aim: Grinder (lightly wounded, poisoned, 71% to hit)
The sting hits Grinder.
Grinder partially resists.
Grinder looks even sicker.
Grinder is moderately wounded.
Grinder completely misses you.
You closely miss Grinder.
Grinder is moderately wounded.
Grinder gestures at you. You resist with significant effort.
You hit Grinder.
Grinder is moderately wounded.
Grinder closely misses you.
Casting: Sting (safe; 3% risk of failure)
Confirm with . or Enter, or press ? or * to list all spells.
Aiming: Sting (safe; 3% risk of failure)
Press: ? - help, Shift-Dir - straight line, f/p - Grinder
Aim: Grinder (moderately wounded, very poisoned, 71% to hit)
The sting misses Grinder.
Grinder gestures at you. Pain shoots through your body!
Grinder attacks as you move away! Grinder hits you.
* * * LOW HITPOINT WARNING * * *
Casting: Sting (safe; 3% risk of failure)
Confirm with . or Enter, or press ? or * to list all spells.
Aiming: Sting (safe; 3% risk of failure)
Press: ? - help, Shift-Dir - straight line, f/p - Grinder
Aim: Grinder (heavily wounded, very poisoned, 71% to hit)
The sting hits Grinder.
Grinder partially resists.
Grinder looks even sicker.
Grinder is heavily wounded.
Grinder gestures at you. Pain shoots through your body!
You die...

####. ..#
..##.###..
#.##..#..# #.#
#....# #.# #.#.# #
#.# #.... #
#.####.####.###
#.####.........#.#
#..@5.#####.##.#.#
#.#+'+## #.##.#.#
# +∩+.####.##.#.#
++'......##.#.#
#...#######.#.#
##### #.#.#
#.#.### #...<..
###....


You could see Grinder (very poisoned).

Vanquished Creatures
  3 adders
  2 worms
  2 bats
  6 endoplasms
  5 giant cockroaches
  4 goblins
  5 hobgoblins
  A quokka (D:1)
  6 ball pythons
  2 frilled lizards
  A kobold (D:2)
  4 rats
41 creatures vanquished.

Notes
Turn   | Place    | Note
-------+----------+-------------------------------------------
     0 | D:1      | Irreverend the Deep Elf Venom Mage began the quest for the
                  | Orb.
     0 | D:1      | Reached XP level 1. HP: 10/10 MP: 6/6
   238 | D:1      | Found Viager's Magic Scroll Boutique.
   261 | D:1      | Reached XP level 2. HP: 15/15 MP: 6/8
   970 | D:2      | Learned a level 2 spell: Poisonous Vapours
  1013 | D:2      | Reached skill level 4 in Poison Magic
  1013 | D:2      | Reached XP level 3. HP: 19/19 MP: 5/10
  1618 | D:2      | Found a faded altar of an unknown god.
  1943 | D:3      | Learned a level 3 spell: Mephitic Cloud
  1997 | D:3      | Identified the +1 quarterstaff of Qazlal, Chewing {elec,
                  | rPois rF- rCorr Dex-4}
  2223 | D:3      | Reached XP level 4. HP: 15/24 MP: 8/11
  2405 | D:3      | Found Emayqyqu's Armour Boutique.
  2410 | D:3      | Noticed Grinder
  2413 | D:3      | Paralysed by Grinder for 4 turns
  2422 | D:3      | Killed from afar by Grinder

Illustrated notes

Levels and vault maps discovered:
D:1:      dpeg_arrival_prison, layout_basic, serial_shops, shop_scrolls
D:2:      minmay_angry_zag, layout_rooms, hellmonk_ecumenical_altar_blasted
D:3:      layout_loops_ring, lemuel_crystal_altar, serial_shops,
          nicolae_shop_tiny_real_fake_doors, minmay_door_square, uniq_grinder

Skill      XL: |  1  2 |
---------------+-------+-----
Dodging        | 3 |  3.3
Poison Magic   | 4 |  4.5
Stealth        | |  2.4
Spellcasting   | |  3.9
Transmutations | |  1.1
Air Magic      | |  0.2

Action                     |  1- 3 |  4- 6 || total
---------------------------+-------+-------++-------
  Melee: Dagger            |     4 |     2 ||     6
   Cast: Sting             |    37 |     8 ||    45
         Poisonous Vapours |    19 |     4 ||    23
 Armour: Robe              |    13 |       ||    13
  Dodge: Dodged            |    28 |     2 ||    30
